 Seeded DCSS version 0.27-a0-679-g77a6b55cf3 (webtiles) character file.

Game seed: 20210318 (custom seed)

133 Snicker the Sneak (level 4, -4/33 HPs)
             Began as a Demonspawn Brigand on Mar 18, 2021.
             Slain by an ogre
             ... wielding a +0 giant club
              (15 damage)
             ... on level 5 of the Dungeon.
             The game lasted 00:04:46 (2404 turns).

Snicker the Sneak (Demonspawn Brigand)              Turns: 2404, Time: 00:04:46

Health: -4/33      AC:  4    Str: 11    XL:     4   Next: 94%
Magic:  4/4        EV: 14    Int: 12    God:
Gold:   100        SH:  0    Dex: 16    Spells: 1/3 levels left

rFire    . . .     SeeInvis .   a - +2 dagger
rCold    . . .     Faith    .   (no shield)
rNeg     . . .     Spirit   .   f - +0 leather armour
rPois    .         Reflect  .   (no helmet)
rElec    .         Harm     .   c - +0 cloak
rCorr    .         Rampage  .   (no gloves)
Will     .....                  (no boots)
Stlth    +++.......             (no amulet)
HPRegen  0.11/turn              (no ring)
MPRegen  0.18/turn              (no ring)

@: no status effects
A: repulsion field 2, magic regeneration
a: no special abilities


You were on level 5 of the Dungeon.
You visited 1 branch of the dungeon, and saw 4 of its levels.

You collected 100 gold pieces.

Inventory:

Hand Weapons
 a - a +2 dagger (weapon)
Missiles
 d - 8 poisoned darts
 e - a curare-tipped dart (quivered)
Armour
 b - a +0 robe
 c - a +0 cloak (worn)
 f - a +0 leather armour (worn)
Wands
 w - a wand of digging (3)
Scrolls
 h - 2 scrolls of identify
 k - a scroll of brand weapon {unknown}
 n - a scroll of vulnerability {unknown}
 o - 2 scrolls of teleportation
 r - a scroll of enchant armour {unknown}
 s - a scroll of summoning {unknown}
 u - a scroll of enchant weapon {unknown}
 v - a scroll of noise {unknown}
Potions
 g - a potion of resistance {unknown}
 i - 2 potions of cancellation {unknown}
 j - a potion of heal wounds {unknown}
 l - 2 potions of mutation {unknown}
 m - a potion of degeneration {unknown}
 p - a potion of flight {unknown}
 q - a potion of lignification {unknown}
 t - a potion of brilliance {unknown}
 x - a potion of curing {unknown}


   Skills:
 + Level 2.2 Fighting
 * Level 2.5 Short Blades
 + Level 1.9 Throwing
 + Level 1.5 Armour
 + Level 1.4 Dodging
 * Level 4.9 Stealth


You had one spell level left.
You knew the following spells:

 Your Spells              Type           Power      Damage    Failure   Level
a - Call Imp              Summ           0%         N/A       54%         2

Your spell library contained the following spells:

 Spells                   Type           Power      Damage    Failure   Level
 Summon Small Mammal      Summ           0%         N/A       41%         1
 Call Canine Familiar     Summ           0%         N/A       78%         3
 Summon Guardian Golem    Hex/Summ       0%         N/A       78%         3
 Summon Ice Beast         Ice/Summ       0%         N/A       99%         4
 Summon Lightning Spire   Summ/Air       0%         N/A       99%         4


Dungeon Overview and Level Annotations

Branches:
Dungeon (3/15)

Altars:


Innate Abilities, Weirdness & Mutations

You are surrounded by a moderate repulsion field. (EV +3)
You regenerate magic rapidly.


Message History

You now have 100 gold pieces (gained 3).
You fall into a shaft and drop 2 floors!
The shaft crumbles and collapses.
Found 15 stones.
An iguana and a phantom come into view.
Unknown command.
Unknown command.
A giant cockroach and an orc come into view.
An orc comes into view. It is wielding a +0 club.
An orc wizard comes into view. It is wielding a +0 dagger.
An orc comes into view. It is wielding a +0 hand axe.
As you read the scroll labelled LUSCHISOOWY, it crumbles to dust.
It is a scroll of identify.
o - 3 scrolls of teleportation The orc shouts!
You hear a shout!
As you read the scroll of teleportation, it crumbles to dust.
You feel strangely unstable.
An orc priest comes into view. It is wielding a +0 flail.
Your surroundings suddenly seem different.
An ogre comes into view. It is wielding a +0 giant club.
The ogre shouts!
The ogre hits you with a +0 giant club.
Unknown command.
Throw: 2 darts (curare)
Press: ? - help, Q - select action, (/) - cycle Shift-Dir - straight line, f - ogre
Aim: an ogre, wielding a +0 giant club (75% to hit)
You throw a curare-tipped dart. The curare-tipped dart hits the ogre.
The ogre is poisoned.
The ogre convulses.
The ogre seems to slow down.
The ogre is moderately wounded.
You hit the ogre.
The ogre is moderately wounded.
The ogre hits you with a +0 giant club!!
Ouch! That really hurt!
You closely miss the ogre.
The ogre is heavily wounded.
You hit the ogre but do no damage.
The ogre is heavily wounded.
The ogre hits you with a +0 giant club!
You die...

######### .
#.......# ..
#.......#
...#.......#
#.........#
#........#
#.....O@.#
#........#
#........#
#........#
#........#
#........#
#........#
##.#######
#.


You could see an ogre (very poisoned, slow).

Vanquished Creatures
  Terence (D:2)
  Jessica (D:3)
  An adder (D:3)
  An ooze (D:3)
  2 worms (D:2)
  2 dart slugs
  3 ball pythons
  5 bats
  3 giant cockroaches
  6 goblins
  3 hobgoblins
  14 jackals
  4 frilled lizards
  3 kobolds
  7 rats
56 creatures vanquished.

Notes
Turn   | Place    | Note
-------+----------+-------------------------------------------
     0 | D:1      | Snicker the Demonspawn Brigand began the quest for the Orb.
     0 | D:1      | Reached XP level 1. HP: 16/16 MP: 1/1
    94 | D:1      | Reached skill level 1 in Dodging
   111 | D:1      | Reached skill level 4 in Stealth
   115 | D:1      | Gained mutation: You regenerate magic rapidly. [demonic
                  | ancestry]
   115 | D:1      | Reached XP level 2. HP: 20/22 MP: 2/2
  1107 | D:2      | Noticed Terence
  1122 | D:2      | Killed Terence
  1123 | D:2      | Gained mutation: You are surrounded by a mild repulsion
                  | field. (EV +2) [demonic ancestry]
  1123 | D:2      | Reached XP level 3. HP: 12/27 MP: 3/3
  1438 | D:2      | Gained mutation: You are surrounded by a moderate repulsion
                  | field. (EV +3) [demonic ancestry]
  1438 | D:2      | Reached XP level 4. HP: 30/33 MP: 4/4
  2208 | D:3      | Noticed Jessica
  2219 | D:3      | Killed Jessica
  2220 | D:3      | Reached skill level 1 in Armour
  2329 | D:3      | Learned a level 2 spell: Call Imp
  2390 | D:3      | You fall into a shaft and drop 2 floors!
  2390 | D:5      | Entered Level 5 of the Dungeon
  2391 | D:5      | Noticed a phantom
  2399 | D:5      | Noticed an ogre
  2404 | D:5      | Slain by an ogre

Illustrated notes

Levels and vault maps discovered:
D:1:      dpeg_arrival_arbitrary_c, layout_basic
D:2:      layout_loops_ring, uniq_terence
D:3:      layout_loops_ring, kennysheep_crisscross, uniq_jessica
D:5:      layout_basic, minmay_temple_entry_arrows

Skill      XL: |  1  2  3  4 |
---------------+-------------+-----
Dodging        | 1 |  1.4
Stealth        | 4 |  4.9
Short Blades   | 2 |  2.5
Armour         | 1 |  1.5
Fighting       | |  2.2
Throwing       | |  1.9

Action                   |  1- 3 |  4- 6 || total
-------------------------+-------+-------++-------
Melee: Dagger            |   114 |    88 ||   202
Throw: Dart              |     2 |     2 ||     4
  Use: Scroll            |       |     2 ||     2
 Stab: Sleeping          |     6 |     5 ||    11
Armor: Leather armour    |    36 |    21 ||    57
Dodge: Dodged            |    71 |    65 ||   136

Table legend: (Time is in decaauts)
 A = Elapsed time spent in this place.
 B = Non-inter-level travel time spent in this place.
 C = Inter-level travel time spent in this place.
 D = Time resting spent in this place.
 E = Time spent auto-exploring this place.
 F = Levels seen in this place.
 G = Mean time per level.
                   A        B        C        D        E       F      G
               +--------+--------+--------+--------+--------+-----+--------+
         Total |   2381 |   2354 |     27 |    270 |   1578 |   4 |  595.2 |
       Dungeon |   2381 |   2354 |     27 |    270 |   1578 |   4 |  595.2 |
               +--------+--------+--------+--------+--------+-----+--------+

Top non-repeatable levels by time:
     D:1: 1101 daAuts
     D:2: 872 daAuts
     D:3: 394 daAuts
     D:5: 13 daAuts
